General information
- name: BNet
- type: Ladder 1vs1/FFA
- host: Battle.net
- saver: PwnimusMaximus
map: TerenasStand
- players: 2
- length: 18:10
- speed: Fast
- version: 1.23 W3XP
- replay type: Public
» download(67 KB)
Players
team 1 (winner)
PwnimusMaximus (
yellow | 120 APM | 2180 actions | 18:10)
3 Lich
1 Frost Armor
2 Frost Nova
1 Death Knight
1 Death Coil
» actions
| Assign group hotkey | 66 | |
| Basic commands | 81 | |
| Build / train | 67 | |
| ESC pressed | 1 | |
| Enter build submenu | 23 | |
| Enter hero's abilities submenu | 4 | |
| Give item / drop item | 2 | |
| Remove unit from queue | 3 | |
| Right click | 1286 | |
| Select / deselect | 355 | |
| Select group hotkey | 186 | |
| Use ability | 106 | |
2180 total
» units
| Acolyte | 10 | |
| Ghoul | 5 | |
| Crypt Fiend | 15 | |
| Obsidian Statue | 1 | |
31 total
» upgrades
| Creature Carapace | 1 | |
| Burrow | 1 | |
2 total
» buildings
| Crypt | 1 | |
| Graveyard | 1 | |
| Altar of Darkness | 1 | |
| Ziggurat | 10 | |
| Tomb of Relics | 2 | |
| Nerubian Tower | 2 | |
| Spirit Tower | 5 | |
| Halls of the Dead | 2 | |
| Slaughterhouse | 2 | |
| Necropolis | 1 | |
| Sacrificial Pit | 1 | |
| Black Citadel | 1 | |
29 total
» build order
00:06 Crypt
00:08 Graveyard
00:41 Altar of Darkness
00:56 Ziggurat
01:22 Tomb of Relics
02:00 Ziggurat
04:19 Ziggurat
04:20 Ziggurat
05:00 Ziggurat
05:12 Nerubian Tower
06:18 Spirit Tower
06:38 Tomb of Relics
07:28 Ziggurat
08:24 Spirit Tower
08:32 Ziggurat
08:33 Nerubian Tower
08:34 Spirit Tower
10:36 Ziggurat
10:58 Halls of the Dead
10:58 Halls of the Dead
11:29 Spirit Tower
11:46 Ziggurat
13:31 Slaughterhouse
13:51 Slaughterhouse
14:17 Spirit Tower
15:28 Necropolis
15:48 Sacrificial Pit
17:33 Black Citadel
17:47 Ziggurat
» items
| Dust of Appearance | 8 | |
| Rod of Necromancy | 3 | |
| Sacrificial Skull | 1 | |
| Potion of Healing | 1 | |
13 total
team 2 (loser)
why.not.serious (
red | 92 APM | 1670 actions | 18:09)
2 Blademaster
1 Wind Walk
1 Critical Strike
1 Shadow Hunter
1 Hex
» actions
| Assign group hotkey | 4 | |
| Build / train | 43 | |
| ESC pressed | 4 | |
| Enter build submenu | 17 | |
| Enter hero's abilities submenu | 3 | |
| Give item / drop item | 3 | |
| Right click | 845 | |
| Select / deselect | 193 | |
| Select group hotkey | 456 | |
| Use ability | 102 | |
1670 total
» units
» upgrades
» buildings
| Altar of Storms | 1 | |
| Orc Burrow | 3 | |
| Voodoo Lounge | 3 | |
| War Mill | 1 | |
| Stronghold | 2 | |
| Watch Tower | 6 | |
| Fortress | 1 | |
| Barracks | 1 | |
18 total
» build order
00:06 Altar of Storms
00:11 Orc Burrow
00:51 Voodoo Lounge
01:34 War Mill
02:17 Stronghold
03:31 Orc Burrow
03:38 Orc Burrow
05:04 Watch Tower
05:33 Fortress
06:18 Watch Tower
06:20 Barracks
06:29 Watch Tower
06:46 Watch Tower
07:00 Watch Tower
07:06 Watch Tower
09:46 Voodoo Lounge
10:07 Voodoo Lounge
» items
| Healing Salve | 2 | |
| Lesser Clarity Potion | 3 | |
| Scroll of Speed | 1 | |
| Boots of Speed | 1 | |
| Staff of Teleportation | 1 | |
| Circlet of Nobility | 1 | |
| Potion of Healing | 1 | |
10 total
Chat log
(00:23 / All) PwnimusMaximus: gl hf m8
(00:26 / All) why.not.serious: thats the gayest name i have ever seen
(00:37 / All) PwnimusMaximus: thats pretty rich
(00:47 / All) why.not.serious: fuck ye
(00:53 / All) PwnimusMaximus: ok
(00:59 / All) PwnimusMaximus: hf kid
(01:17 / All) why.not.serious: i kid ? lol
(01:23 / All) why.not.serious: lookm ur name
(01:30 / All) PwnimusMaximus: "look my name"
(01:47 / All) why.not.serious: embarassing
(02:25 / All) why.not.serious: i m sure it describes u well
(02:35 / All) PwnimusMaximus: learn english please
(09:13 / All) PwnimusMaximus: D;
(10:40 / All) PwnimusMaximus: so
(10:43 / All) PwnimusMaximus: hows this feel?
(15:32 / All) PwnimusMaximus: gg kid
(15:47 / All) why.not.serious: man
(15:55 / All) why.not.serious: ur still emberassing
(15:59 / All) PwnimusMaximus: well
(16:01 / All) PwnimusMaximus: at least
(16:08 / All) PwnimusMaximus: im not losing to lich first rush
(16:09 / All) PwnimusMaximus: as orc
(16:17 / All) why.not.serious: true
(16:23 / All) why.not.serious: sometimes u get lucky dont u
(16:28 / All) PwnimusMaximus: and sometimes
(16:35 / All) why.not.serious: as this time
(16:39 / All) PwnimusMaximus: blam
(16:58 / All) why.not.serious: i dont think u have an imagination about how lucky this win is for u
(17:07 / All) why.not.serious: but all i can do is congratulate u
(17:18 / All) PwnimusMaximus: I dont think you know when to shut up
(18:04 / All) why.not.serious: i think you should do urself a favour and fuck ur mother
(18:05 / All) PwnimusMaximus: bye bye kid